AoeStats
← Jazzmushroom

Black Forest

509107559Analyzed
4v4 RM · 7d ago on Sep 25, 2026· 42m 45s· 8 players
Game mode
Random Map
Map size
Large (8 player)
Population
200
Speed
Normal
Resources
Standard
Victory
Conquest
Starting age
Dark Age
Ending age
Imperial Age
RankedLock teamsTeams togetherTeam positionsShared explorationLock speedFull tech treeHidden civsTurbo modeCheats
Victory
Defeat
🇺🇸 Varangians · United States
1346
+14
🇨🇳 Danes · China
1345
+14
🇹🇼 Persians · Taiwan
1344
+14
🇵🇪 Japanese · Peru
1305
+17
🇮🇳 Varangians · India
1515
-22
🇹🇼 Danes · Taiwan
1305
-15
🇲🇾 Saxons · Malaysia
1297
-14
🇮🇳 Celts · India
1118
-8
Tintagel
5:15 Loom
12:05 Feudal Age
12:45 Horse Collar
12:58 Double-Bit Axe
19:41 Castle Age
18:05 Horse Collar
18:23 Gold Mining
19:27 Fletching
20:40 Bodkin Arrow
22:36 Gold Shaft Mining
22:04 Padded Archer Armor
22:42 Bow Saw
24:27 Wheelbarrow
26:12 Leather Archer Armor
28:02 Thumb Ring
30:37 Hand Cart
31:06 Squires
30:52 Arson
32:28 Scale Mail Armor
32:39 Forging
32:25 Town Watch
34:55 Chain Mail Armor
36:00 Iron Casting
40:49 Imperial Age
Sanskari Ladka
11:30 Feudal Age
15:19 Castle Age
13:33 Double-Bit Axe
15:26 Fishing Lines
18:28 Wheelbarrow
19:32 Bow Saw
20:07 Loom
22:09 Scale Barding Armor
23:24 Horse Collar
25:03 Forging
26:35 Gillnets
33:55 Imperial Age
32:15 Chain Barding Armor
32:31 Iron Casting
34:09 Elite Jarl
35:01 Bloodlines
34:51 Husbandry
36:30 Gold Mining
36:30 Stone Mining
37:41 Two-Man Saw
36:42 Heavy Plow
MahaDeV
0:55 Loom
13:12 Feudal Age
17:31 Castle Age
26:22 Wheelbarrow
精銳拜占庭聖騎兵
1:48 Loom
13:47 Feudal Age
16:50 Double-Bit Axe
22:30 Castle Age
21:35 Stone Mining
22:44 Horse Collar
23:14 Town Watch
25:30 Fletching
26:37 Scale Mail Armor
27:12 Bow Saw
28:28 Chain Mail Armor
34:01 Forging
37:58 Imperial Age
39:16 Wheelbarrow
chengaopeng044
0:40 Loom
10:59 Feudal Age
14:31 Castle Age
12:28 Double-Bit Axe
14:02 Bloodlines
18:16 Bow Saw
18:09 Town Watch
20:57 Scale Barding Armor
21:19 Forging
22:07 Horse Collar
23:26 Iron Casting
24:17 Wheelbarrow
23:47 Heavy Plow
24:27 Husbandry
25:51 Chain Barding Armor
30:26 Gold Mining
31:56 Hand Cart
32:15 Fletching
32:26 Padded Archer Armor
32:44 Kamandaran
34:47 Gold Shaft Mining
35:01 Elite Skirmisher
37:59 Bodkin Arrow
39:02 Ballistics
39:01 Leather Archer Armor
Jazzmushroom
11:28 Feudal Age
11:54 Double-Bit Axe
16:06 Castle Age
14:54 Horse Collar
17:08 Bow Saw
16:47 Fishing Lines
19:57 Wheelbarrow
23:32 Gillnets
23:52 Heavy Plow
24:41 Coinage
24:50 Hand Cart
25:23 Loom
25:23 Town Watch
28:53 Imperial Age
26:22 Gold Mining
28:00 Forging
27:51 Scale Mail Armor
27:55 Stone Mining
27:55 Gambesons
28:13 Squires
27:59 Arson
29:00 Elite Varangian Guard
30:46 Chain Mail Armor
31:00 Gothikon
32:01 Conscription
33:23 Iron Casting
33:21 Plate Mail Armor
35:07 Banking
Dd
0:30 Loom
11:52 Feudal Age
15:55 Castle Age
14:34 Double-Bit Axe
17:56 Scale Mail Armor
19:57 Chain Mail Armor
21:27 Arson
22:45 Squires
25:11 Stone Mining
25:13 Gold Mining
26:01 Forging
27:56 Fletching
27:43 Hamask
29:28 Crossbowman
30:09 Bodkin Arrow
30:15 Padded Archer Armor
30:02 Horse Collar
33:26 Leather Archer Armor
39:32 Imperial Age
37:30 Bow Saw
37:55 Stone Mining
38:41 Gold Shaft Mining
39:11 Wheelbarrow
kraquen
1:37 Loom
14:07 Feudal Age
14:39 Man-at-Arms
22:57 Castle Age
21:14 Double-Bit Axe
31:32 Horse Collar
33:04 Wheelbarrow
32:22 Fishing Lines
36:09 Heavy Plow
36:55 Bloodlines
40:08 Imperial Age
37:57 Scale Barding Armor
38:03 Forging
40:56 Chain Barding Armor
40:19 Cavalier
42:30 Iron Casting
41:56 Scale Mail Armor
43:10 Scale Mail Armor
Connection lost

Rejoining the realm…

Still unreachable

The connection could not be restored.

Session expired

The server has moved on; the page needs a fresh start.